Map: Ever Dream LE

Players

Vanya

  • Race: Zerg Zerg
  • League: Grandmaster
  • Spawn Location: 7:00

BlyOnFire (Bly) - Winner!

  • Race: Zerg Zerg
  • Spawn Location: 1:00

Event: DreamHack SC2 Masters 2020 Summer Europe

VOD

Have the link to the VOD?

Description

Time

  • Played on: July 8, 2020, 9:35 a.m.
  • Length: 4:02

All games in this series

Show
View Real Time Build Order
Export as new Build Order

Vanya Zerg 

Build Orders: Hatch First 

Get SALT Encoding   

  12  0:00  Drone  
  13  0:14  Overlord  
  13  0:17  Drone  
  14  0:32  Drone x2  
  16  0:48  Hatchery  
  15  0:51  Drone  
  15  0:56  Drone  
  17  1:05  Extractor  
  17  1:10  Spawning Pool  
  15  1:14  Drone  
  15  1:17  Drone  
  17  1:22  Drone  
  18  1:31  Drone  
  19  1:43  Drone  
  20  1:53  Overlord  
  20  1:58  Queen  
  20  2:00  Queen  
  24  2:02  Zergling x4  
  24  2:08  Metabolic Boost  
  26  2:12  Drone  
  26  2:14  Drone  
  28  2:24  Drone x2  
  30  2:34  Zergling x2  
  30  2:36  Zergling x2  
  32  2:42  Hatchery  
  31  2:44  Zergling x2  
  31  2:50  Drone  
  33  2:55  Overlord  
  33  2:58  Drone  
  33  3:08  Drone x2  
  35  3:14  Drone  
  35  3:15  Drone x4  
  39  3:20  Baneling Nest  
  39  3:23  Queen  
  40  3:31  Drone x3  
  43  3:35  Overlord  
  43  3:40  Overlord  
  42  3:41  Zergling x2  
Show
View Real Time Build Order
Export as new Build Order

BlyOnFire Zerg - Winner!

Build Orders: Hatch First 

Get SALT Encoding   

  12  0:01  Drone  
  13  0:12  Overlord  
  13  0:18  Drone  
  14  0:30  Drone x2  
  16  0:49  Hatchery  
  15  0:51  Drone  
  15  0:54  Drone  
  17  0:59  Drone  
  18  1:10  Extractor  
  17  1:14  Spawning Pool  
  17  1:17  Drone  
  17  1:20  Drone  
  18  1:28  Drone  
  19  1:39  Drone  
  20  1:50  Overlord  
  20  2:01  Queen x2  
  20  2:02  Zergling x4  
  26  2:11  Drone x2  
  26  2:15  Metabolic Boost  
  28  2:21  Drone  
  29  2:23  Drone  
  30  2:34  Hatchery  
  29  2:39  Zergling x4  
  31  2:45  Drone  
  31  2:48  Overlord  
  32  2:54  Drone x2  
  34  3:07  Queen  
  36  3:18  Overlord  
  35  3:20  Zergling x12  
  35  3:21  Zergling x2  
  42  3:29  Roach Warren  
  42  3:33  Drone x2  
  43  3:43  Overlord  
Tags
 
Add a new tag
Caveats
  • Supply blocks, unpowered buildings, or Contaminate may cause inaccurate times.
  • Supply counts are checked every 10 seconds.